 Dungeon Crawl Stone Soup version 0.18.1-48-g4cf74bf (webtiles) character file.

233 theElss the Conjurer (level 5, -2/34 HPs)
             Began as a High Elf Conjurer on Sept 6, 2016.
             Slain by an orc wizard
             ... wielding a +0 dagger
              (4 damage)
             ... on level 4 of the Dungeon.
             The game lasted 00:12:56 (3732 turns).

theElss the Conjurer (High Elf Conjurer)            Turns: 3732, Time: 00:12:57

Health: -2/34      AC:  4    Str: 12    XL:     5   Next: 74%
Magic:  1/12       EV: 18    Int: 20    God:
Gold:   145        SH:  0    Dex: 20    Spells: 3 memorised, 5 levels left

rFire  . . .     SeeInvis .     h - +0 short sword
rCold  . . .     Gourm    .     a - +0 robe
rNeg   . . .     Faith    .     (no shield)
rPois  .         Spirit   .     B - +0 helmet
rElec  .         Dismiss  +     v - +0 cloak
rCorr  +         Reflect  .     (no gloves)
SustAt .         Harm     .     (no boots)
MR     .....                    y - amulet of dismissal
Stlth  +++.......               (no ring)
                                k - ring of resist corrosion

@: mighty, agile, not resistant to hostile enchantments, fairly stealthy
A: no striking features
a: no special abilities


You were on level 4 of the Dungeon.
You were not hungry.

You visited 1 branch of the dungeon, and saw 4 of its levels.

You collected 145 gold pieces.

Inventory:

Hand Weapons
 h - a +0 short sword (weapon)
Armour
 a - a +0 robe (worn)
 v - a +0 cloak (worn)
 B - a +0 helmet (worn)
Jewellery
 k - a ring of resist corrosion (left hand)
 y - an amulet of dismissal (around neck)
Wands
 l - a wand of acid (3/15)
Scrolls
 d - 2 scrolls of fear {unknown}
 e - a scroll of identify {unknown}
 j - a scroll of random uselessness {unknown}
 o - a scroll of amnesia {unknown}
 p - a scroll of fog {unknown}
 q - 5 scrolls of remove curse
Potions
 g - a potion of lignification {unknown}
 i - a potion of berserk rage {unknown}
 m - a potion of might
 n - a potion of agility
 r - a potion of heal wounds {unknown}
 s - a potion of ambrosia {unknown}
 x - a potion of curing {unknown}
 z - a potion of beneficial mutation {unknown}
 A - a potion of magic {unknown}
 C - a potion of cancellation {unknown}
 E - a potion of mutation {unknown}
Books
 b - a book of Conjurations

   Spells                             Type                      Level
   a - Magic Dart                     Conjuration                  1
   b - Searing Ray                    Conjuration                  2
   c - Dazzling Spray                 Conjuration/Hexes            3
   d - Fulminant Prism                Conjuration/Hexes            4
   e - Iskenderun's Mystic Blast      Conjuration                  4
   f - Iskenderun's Battlesphere      Conjuration/Charms           5
Comestibles
 c - 3 bread rations
 f - 4 fruits
 t - a meat ration
 u - a royal jelly
 w - 2 slices of pizza
 D - a chunk of flesh


   Skills:
 * Level 2.0 Fighting
 + Level 2.3 Dodging
 - Level 2.1 Stealth
 + Level 4.2 Spellcasting
 + Level 6.3 Conjurations


You had 5 spell levels left.
You knew the following spells:

 Your Spells              Type           Power        Failure   Level  Hunger
a - Magic Dart            Conj           ####         1%          1    None
c - Searing Ray           Conj           ####..       1%          2    #......
d - Iskenderun's Mystic   Conj           ####....     12%         4    ####...


Dungeon Overview and Level Annotations

Branches:
Dungeon (4/15)
 Temple: D:4-7

Altars:
Fedhas
Okawaru


Message History

Drink which item? (? for menu, Esc to quit)
It was a potion of might.
You feel very mighty all of a sudden. Something hits you but does no damage.
Drink which item? (? for menu, Esc to quit)
It was a potion of agility.
You feel agile all of a sudden.
You feel less confused. Something closely misses you.
Drink which item? (? for menu, Esc to quit)
Okay, then.
Casting: Magic Dart
Confirm with . or Enter, or press ? or * to list all spells.
You can't see any susceptible monsters within range! (Use Z to cast anyway.) Unknown command.
Casting: Magic Dart
Confirm with . or Enter, or press ? or * to list all spells.
Aiming: Magic Dart
Press: ? - help, Shift-Dir - straight line The magic dart hits something.
Something hits you.
You die...

#######
#..@{.#
#.###)#
####.# #)#
#..#.#...#
#..#.#.###
#..#.#.
##..#.#
..####...#.#
.........#.#


There were no monsters in sight!

Vanquished Creatures
  An orc priest (D:3)
  2 orc wizards (D:4)
  5 adders (D:2)
  2 worms
  2 dart slugs (D:1)
  7 orcs
  3 giant cockroaches (D:3)
  12 goblins
  7 hobgoblins
  11 jackals
  2 quokkas
  8 bats
  10 giant newts
  9 kobolds
  9 rats
90 creatures vanquished.

Notes
Turn   | Place    | Note
--------------------------------------------------------------
     0 | D:1      | theElss the High Elf Conjurer began the quest for the Orb.
     0 | D:1      | Reached XP level 1. HP: 11/11 MP: 4/4
   439 | D:1      | Reached XP level 2. HP: 17/17 MP: 3/6
   443 | D:1      | Learned a level 2 spell: Searing Ray
   595 | D:1      | Reached skill level 5 in Conjurations
  1291 | D:1      | Reached XP level 3. HP: 22/22 MP: 4/7
  1828 | D:2      | Reached skill level 1 in Fighting
  1925 | D:2      | Found an iron altar of Okawaru.
  1929 | D:2      | Found a blossoming altar of Fedhas.
  2004 | D:2      | Reached XP level 4. HP: 28/28 MP: 4/9
  2056 | D:2      | Learned a level 4 spell: Iskenderun's Mystic Blast
  2808 | D:3      | Reached skill level 6 in Conjurations
  2808 | D:3      | Reached XP level 5. HP: 7/33 MP: 0/11
  3726 | D:4      | HP: 1/34 [something (3)]
  3732 | D:4      | Slain by an orc wizard

Skill      XL: |  1  2  3  4  5 |
---------------+----------------+-----
Conjurations   | 5 6 |  6.3
Fighting       | 1 2 |  2.0
Spellcasting   | 3 4 |  4.2
Dodging        | |  2.3
Stealth        | |  2.1

Action                   |  1- 3 |  4- 6 || total
-------------------------+-------+-------++-------
Melee: Unarmed           |    11 |       ||    11
       Short sword       |     5 |    13 ||    18
 Cast: Magic Dart        |    91 |    88 ||   179
       Searing Ray       |       |     2 ||     2
  Use: Potion            |       |     2 ||     2
       Scroll            |       |     1 ||     1
  Eat: Chunk             |     3 |     6 ||     9
Armor: Robe              |     3 |     5 ||     8
Dodge: Dodged            |    21 |     8 ||    29
